 Dungeon Crawl Stone Soup version 0.16-a0-3992-g631dd12 (webtiles) character file.

43 timbw the Caller (level 3, -3/14 HPs)
             Began as a Felid Summoner on Feb 12, 2015.
             Slain by a worker ant (6 damage)
             ... on level 4 of the Dungeon.
             The game lasted 00:04:16 (621 turns).

timbw the Caller (Felid Summoner)                    Turns: 621, Time: 00:04:16

Health: -3/14      AC:  1    Str:  4    XL:     3   Next: 37%
Magic:  4/8        EV: 18    Int: 17    God:
Gold:   25         SH:  0    Dex: 16    Spells: 3 memorised, 1 level left
                                        Lives:  0   Deaths: 0

rFire  . . .     SeeInvis +     (weapon unavailable)
rCold  . . .     Clarity  .     (armour unavailable)
rNeg   . . .     SustAb   .     (shield unavailable)
rPois  .         Gourm    .     (helmet unavailable)
rElec  .         Spirit   .     (cloak unavailable)
rCorr  .         Warding  .     (gloves unavailable)
rMut   .         Stasis   .     (boots unavailable)
MR     .....                    (no amulet)
Stlth  +++.......               (no ring)
                                d - ring of see invisible

@: quick, not resistant to hostile enchantments, fairly stealthy
A: paw claws, no armour, no weapons or thrown items, fangs 3, see invisible,
carnivore 3, speed 1, shaggy fur 1, slow metabolism 1, sharp paws
a: no special abilities


You were on level 4 of the Dungeon.
You were very full.

You visited 1 branch of the dungeon, and saw 4 of its levels.

You collected 25 gold pieces.

Inventory:

Jewellery
 d - a ring of see invisible (left paw)
Scrolls
 a - a scroll of immolation {unknown}
 e - a scroll of teleportation {unknown}
 g - a scroll of noise {unknown}
 h - a scroll of blinking {unknown}
 i - a scroll of identify {unknown}
Books
 b - a book of Callings

   Spells                             Type                      Level
   a - Summon Small Mammal            Summoning                    1
   b - Call Imp                       Summoning                    2
   c - Call Canine Familiar           Summoning                    3
   d - Summon Guardian Golem          Hexes/Summoning              4
   e - Summon Lightning Spire         Summoning/Air                4
   f - Summon Ice Beast               Ice/Summoning                4
Comestibles
 c - a meat ration
 f - 2 chunks of flesh


   Skills:
 - Level 2.6 Dodging
 - Level 2.6 Stealth
 * Level 2.9 Spellcasting
 * Level 4.6 Summonings


You had one spell level left.
You knew the following spells:

 Your Spells              Type           Power        Failure   Level  Hunger
a - Summon Small Mammal   Summ           ###.         2%          1    None
b - Call Imp              Summ           ###.....     4%          2    ##.....
c - Call Canine Familiar  Summ           ###.....     10%         3    ###....


Dungeon Overview and Level Annotations

Branches:
Dungeon (4/15)
 Temple: D:4-7

Altars:


Innate Abilities, Weirdness & Mutations

You cannot wear armour.
You are incapable of wielding weapons or throwing items.
You have razor-sharp teeth.
You have supernaturally acute eyesight.
You are carnivorous and can eat meat at any time.
You cover ground quickly.
You are covered in fur (AC +1).
You have a slow metabolism.
Your paws have sharp claws that are effective at stabbing.


Message History

f - 2 chunks of flesh (in mouth) Unknown command.
You see here a spear.
Unknown command.
Your mouth is now empty.
The gnoll is no longer moving quickly.
Found a stone staircase leading down.
The gnoll closely misses you.
An ogre comes into view. It is wielding a giant spiked club.
The gnoll barely misses you. The gnoll hits you.
* * * LOW HITPOINT WARNING * * *
A worker ant comes into view.
The ogre shouts!
A quokka comes into view.
Found an escape hatch in the ceiling.
The quokka barely misses you.
Found a fuming emerald potion.
The worker ant bites you.
You die...

######## #......#
###......#############
.........g.g..........
.#.....g#####........
# #......# #.#.#####
#...#..raO<#
###.#.....#
#.!....@...#
#.#.#..##.#
#......#####
#.......#.# #......
#####+#.#.###)#
####### #.......#.#
#.# #.).....#.# #g#
#.......#.# #.#
#......<#.# #.#
#.....).#.# #.#
#.......#.###.#


You could see an ogre, a worker ant, 2 gnolls and a quokka.

Vanquished Creatures
  2 bats (D:3)
  2 hobgoblins
  A giant cockroach zombie (D:1)
  A giant newt (D:3)
  A rat (D:3)
7 creatures vanquished.

Vanquished Creatures (collateral kills)
  A goliath beetle (D:3)
  2 gnolls (D:4)
  An adder (D:2)
  An orc (D:3)
  A goblin (D:1)
  2 hobgoblins (D:1)
  A giant cockroach zombie (D:1)
  A kobold (D:1)
10 creatures vanquished.

Vanquished Creatures (others)
  2 crimson imps (D:3)
  2 hounds (D:4)
  3 quokkas
  A bat (D:1)
  4 rats
12 creatures vanquished.

Grand Total: 29 creatures vanquished

Notes
Turn   | Place    | Note
--------------------------------------------------------------
     0 | D:1      | timbw, the Felid Summoner, began the quest for the Orb.
     0 | D:1      | Reached XP level 1. HP: 7/7 MP: 4/4
   216 | D:2      | Reached XP level 2. HP: 11/11 MP: 0/6
   223 | D:2      | Learned a level 2 spell: Call Imp
   481 | D:3      | Reached XP level 3. HP: 12/14 MP: 0/8
   486 | D:3      | Learned a level 3 spell: Call Canine Familiar
   609 | D:4      | Noticed an ogre
   621 | D:4      | Slain by a worker ant

Action                   || total
-------------------------++-------
Melee: Unarmed           ||    39
 Cast: Summon Small Mamm ||    18
       Call Imp          ||     9
       Call Canine Famil ||     3
 Stab: Distracted        ||     1
  Eat: Chunk             ||     7
